 Dungeon Sprint DCSS version 0.21-a0-91-ga5031da (webtiles) character file.

3995 Kidiri the Unseen (level 10, -2/51 (53) HPs)
             Began as a Spriggan Enchanter on June 30, 2017.
             Was a Priest of Dithmenos.
             Succumbed to a death drake's dark miasma
             ... in the Dungeon (Sprint II: "The Violet Keep of Menkaure").
             The game lasted 00:09:20 (1262 turns).

Kidiri the Unseen (Spriggan Enchanter)              Turns: 1262, Time: 00:09:20

HP:   -2/51 (53)    AC:  2    Str:  6    XL:     10   Next: 3%
MP:   21/26         EV: 31    Int: 26    God:    Dithmenos [***...]
Gold: 460           SH:  4    Dex: 19    Spells: 20/32 levels left

rFire    . . .     SeeInvis +   a - +1 dagger
rCold    . . .     Gourm    .   (shield restricted)
rNeg     . . .     Faith    .   b - +0 robe
rPois    .         Spirit   .   (helmet restricted)
rElec    .         Reflect  +   (no cloak)
rCorr    .         Harm     .   (gloves unavailable)
MR       +....     NoTele   +   (boots unavailable)
Stlth    +++++++++.             f - +4 amulet of reflection (curse)
HPRegen  0.00/turn              h - ring "Robraini" {*Corrode Str+2 Int+6}
MPRegen  0.20/turn              i - +2 ring of intelligence

@: lethally poisoned (-2 -> -91), non-regenerating, badly diseased, wreathed by
umbra, very quick
A: unfitting armour, see invisible, herbivore 3, speed 3, slow metabolism 2
a: Shadow Step, Renounce Religion


You were in the Dungeon.
You worshipped Dithmenos.
Dithmenos was most pleased with you.
You were not hungry.

You visited 1 branch You collected 1306 gold pieces.
You spent 846 gold pieces at shops.

Inventory:

Hand Weapons
 a - a +1 dagger (weapon)
Armour
 b - a +0 robe (worn)
Jewellery
 e - an uncursed ring of flight
 f - a cursed +4 amulet of reflection (around neck)
 h - the ring "Robraini" (left hand) {*Corrode Str+2 Int+6}
   (You bought it in a shop in the Dungeon)

   [ring of strength]

   It affects your strength (+2).
   It affects your intelligence (+6).
   It may corrode you when you take damage.
 i - a +2 ring of intelligence (right hand)
Scrolls
 g - a scroll of fear {unknown}
 j - a scroll of blinking
Books
 c - a book of Maledictions

   Spells                             Type                      Level
   a - Corona                         Hexes                        1
   b - Ensorcelled Hibernation        Hexes/Ice                    2
   c - Confuse                        Hexes                        3
   d - Tukima's Dance                 Hexes                        3
   e - Dazzling Spray                 Conjuration/Hexes            3
Comestibles
 d - 2 bread rations


   Skills:
 + Level 5.7 Fighting
 * Level 10.9 Short Blades
 + Level 5.2 Armour
 * Level 13.8 Dodging
 * Level 15.0 Stealth
 * Level 11.9 Spellcasting
 + Level 9.3 Hexes
 + Level 5.8 Evocations


You had 20 spell levels left.
You knew the following spells:

 Your Spells              Type           Power        Failure   Level  Hunger
a - Corona                Hex            ######.      1%          1    None
b - Ensorcelled Hibernat  Hex/Ice        #####.       1%          2    None
c - Confuse               Hex            ######..     1%          3    None
d - Tukima's Dance        Hex            ######..     1%          3    None
e - Dazzling Spray        Conj/Hex       #####.       1%          3    None


Dungeon Overview and Level Annotations

Branches:
Dungeon (1/1)

Altars:
Cheibriados
Dithmenos
Elyvilon
Fedhas
Gozag
Hepliaklqana
Kikubaaqudgha
Makhleb
Nemelex Xobeh
Okawaru
Qazlal
Ru
Sif Muna
Trog
Uskayaw
Vehumet
Wu Jian
Xom
Yredelemnul
Zin
The Shining One
Beogh
Jiyva
Lugonu

Shops:
D :[[!=(}:[[%%(!?=

Annotations:
D exclusion: oklob plant


Innate Abilities, Weirdness & Mutations

You are very small and have problems with some larger weapons.
You are too small for most types of armour.
You have supernaturally acute eyesight. (SInv)
You are a herbivore.
You cover ground extremely quickly.
You need consume almost no food.


Message History

Unknown command.
The helpless redback fails to defend itself.
You skewer the redback like a kebab!!!!
You kill the redback!
Dithmenos accepts your kill.
Your Stealth skill increases to level 15!
You have reached level 10!
You feel clever.
You feel sick. The death drake breathes miasma at you.
The foul vapour engulfs you!
You are more poisoned.
* * * LOW HITPOINT WARNING * * *
Unknown command.
You aren't carrying any potions.
Unknown command.
You are engulfed in dark miasma.
You are more poisoned.
* * * LOW HITPOINT WARNING * * *
You die... zzzz§≈##§(..### # zzzz

#e≈^....##
#+++#+++#####.^..#§##
.........#..+%..^#8§#
≈.##+##..#..####^#k.#
≈###.###.####(%+.##.#
≈#..#..#....#..#..8####
###.#.####..#####k.##.#▓!(!($!
.###'###.##..#§§@.^#..#▓(!!!%)
..##.##...#..#§§#.k#..#▓)?%=?[
##'.<.'.##+..####..##)#▓$$[(()
#.##.##...#....###...##▓▓▓▓▓▓▓
.###'###.##......≈≈≈≈≈≈≈≈≈≈≈≈≈
###.#.####≈≈.....≈#'########+#
%#..#..#≈≈≈§§≈≈.§≈#_._._...#§§
≈##.#.##≈≈≈§≈≈§§§§#._._._._#§§
≈≈##+##≈≈≈≈§§§§≈≈§#_._._._.#§§


You could see 2 death drakes and a crystal guardian.

Vanquished Creatures
  2 hell hogs (D)
  A yaktaur (D)
  4 polar bears (D)
  2 tyrant leeches (D)
  A hornet (D)
  A redback (D)
  A vampire mosquito (D)
  A swamp drake (D)
  4 necrophages (D)
  A crocodile (D)
  4 worker ants (D)
  3 worms (D)
25 creatures vanquished.

Vanquished Creatures (others)
  A polar bear (D)
  A redback (D)
  Menkaure (D)
  A swamp drake (D)
  A crocodile (D)
5 creatures vanquished.

Grand Total: 30 creatures vanquished

Notes
Turn   | Place    | Note
-------+----------+-------------------------------------------
     0 | D        | Kidiri the Spriggan Enchanter began the quest for the Orb.
     0 | D        | Reached XP level 1. HP: 9/9 MP: 5/5
     1 | D        | Noticed a worker ant
     1 | D        | Noticed a worker ant
     1 | D        | Noticed a worker ant
     1 | D        | Noticed a worker ant
    11 | D        | Reached skill level 5 in Stealth
    12 | D        | Reached XP level 2. HP: 14/14 MP: 5/7
    15 | D        | Killed a crocodile
    16 | D        | Learned a level 2 spell: Ensorcelled Hibernation
    43 | D        | Reached skill level 1 in Fighting
    43 | D        | Reached skill level 1 in Armour
    43 | D        | Reached skill level 6 in Stealth
    43 | D        | Reached XP level 3. HP: 18/18 MP: 1/9
    50 | D        | Reached skill level 5 in Dodging
    52 | D        | Reached skill level 7 in Stealth
    52 | D        | Reached skill level 5 in Spellcasting
    52 | D        | Reached XP level 4. HP: 22/22 MP: 7/12
    61 | D        | Killed Menkaure
    81 | D        | Learned a level 3 spell: Confuse
    85 | D        | Learned a level 3 spell: Tukima's Dance
    89 | D        | Learned a level 3 spell: Dazzling Spray
   150 | D        | Noticed a necrophage
   150 | D        | Noticed a necrophage
   150 | D        | Noticed a necrophage
   150 | D        | Noticed a necrophage
   182 | D        | Killed a necrophage
   182 | D        | Reached skill level 5 in Short Blades
   182 | D        | Reached skill level 8 in Stealth
   182 | D        | Reached skill level 5 in Hexes
   182 | D        | Reached XP level 5. HP: 11/26 MP: 0/14
   194 | D        | Killed a necrophage
   194 | D        | Reached skill level 9 in Stealth
   194 | D        | Reached XP level 6. HP: 18/31 MP: 1/17
   201 | D        | Reached skill level 10 in Stealth
   375 | D        | Noticed a tyrant leech
   375 | D        | Noticed a tyrant leech
   390 | D        | Killed a tyrant leech
   390 | D        | Reached skill level 10 in Dodging
   390 | D        | Reached skill level 11 in Stealth
   390 | D        | Reached XP level 7. HP: 37/37 MP: 3/20
   394 | D        | Killed a tyrant leech
   519 | D        | Noticed a flying skull
   519 | D        | Noticed a flying skull
   519 | D        | Noticed a flying skull
   519 | D        | Noticed a flying skull
   520 | D        | Noticed a flying skull
   521 | D        | Noticed a flying skull
   521 | D        | Noticed a flying skull
   521 | D        | Noticed a flying skull
   522 | D        | Found Gengeomn's Jewellery Shoppe.
   524 | D        | Noticed a flying skull
   526 | D        | Noticed a flying skull
   526 | D        | Noticed a flying skull
   526 | D        | Noticed a flying skull
   610 | D        | Found Hoinurant's Magic Scroll Emporium.
   611 | D        | Found Fitil's Antique Weapon Shoppe.
   612 | D        | Found Yshaic's Antique Armour Shoppe.
   612 | D        | Found Taoplixa's Antique Armour Emporium.
   612 | D        | Found Watoe's Book Shoppe.
   613 | D        | Found Meudwia's Antique Weapon Emporium.
   613 | D        | Found Olehieq's Jewellery Shoppe.
   696 | D        | Noticed a vampire mosquito
   714 | D        | Killed a vampire mosquito
   714 | D        | Reached skill level 12 in Stealth
   714 | D        | Reached XP level 8. HP: 42/42 MP: 11/22
   725 | D        | Found Dap Coxkayt's Food Shoppe.
   725 | D        | Found Helexzur's Distillery.
   726 | D        | Found Wexkim's Antique Armour Shoppe.
   726 | D        | Found Haummat's Antique Armour Emporium.
   727 | D        | Found Nydidwod's Distillery.
   727 | D        | Found Roram's Gadget Emporium.
   728 | D        | Found Gucaruyg's Food Emporium.
   731 | D        | Noticed an oklob plant
   732 | D        | Found Tuopink's Book Shoppe.
   734 | D        | Noticed a death yak
   742 | D        | Noticed a hippogriff
   765 | D        | Bought an uncursed ring of flight for 210 gold pieces
   765 | D        | Bought a cursed +4 amulet of reflection for 288 gold pieces
   765 | D        | Bought the ring "Robraini" {*Corrode Str+2 Int+6} for 258 gold pieces
   765 | D        | Bought a +2 ring of intelligence for 90 gold pieces
   795 | D        | Found an iron altar of Okawaru.
   795 | D        | Found an opulent altar of Gozag.
   800 | D        | Found a sparkling altar of Nemelex Xobeh.
   800 | D        | Found a blossoming altar of Fedhas.
   801 | D        | Found a radiant altar of Vehumet.
   801 | D        | Found a burning altar of Makhleb.
   801 | D        | Found a white marble altar of Elyvilon.
   802 | D        | Found a hide-covered altar of Uskayaw.
   802 | D        | Found a corrupted altar of Lugonu.
   802 | D        | Found a shadowy altar of Dithmenos.
   803 | D        | Found a glowing silver altar of Zin.
   803 | D        | Found a bloodstained altar of Trog.
   803 | D        | Found an ancient bone altar of Kikubaaqudgha.
   803 | D        | Found a snail-covered altar of Cheibriados.
   804 | D        | Found a basalt altar of Yredelemnul.
   804 | D        | Found a deep blue altar of Sif Muna.
   804 | D        | Found a viscous altar of Jiyva.
   805 | D        | Found a shimmering altar of Xom.
   805 | D        | Found a sacrificial altar of Ru.
   807 | D        | Found a glowing golden altar of the Shining One.
   807 | D        | Found an ornate altar of the Wu Jian Council.
   807 | D        | Found a stormy altar of Qazlal.
   807 | D        | Found a hazy altar of Hepliaklqana.
   807 | D        | Noticed a hornet
   807 | D        | Noticed a polar bear
   808 | D        | Found a roughly hewn altar of Beogh.
   808 | D        | Noticed a yaktaur
   817 | D        | Became a worshipper of Dithmenos the Shadowed
   828 | D        | Noticed a polar bear
   828 | D        | Noticed a polar bear
   834 | D        | Killed a polar bear
   834 | D        | Reached skill level 1 in Evocations
   843 | D        | Killed a polar bear
   843 | D        | Reached skill level 10 in Spellcasting
   848 | D        | Killed a polar bear
   848 | D        | Reached * piety under Dithmenos
   848 | D        | Reached skill level 13 in Stealth
   852 | D        | Killed a hornet
   857 | D        | Killed a yaktaur
   857 | D        | Reached skill level 5 in Fighting
   857 | D        | Reached XP level 9. HP: 45/47 MP: 4/24
  1029 | D        | Noticed a hell hog
  1030 | D        | Noticed a hell hog
  1031 | D        | Killed a hell hog
  1031 | D        | Reached ** piety under Dithmenos
  1031 | D        | Reached skill level 10 in Short Blades
  1031 | D        | Reached skill level 14 in Stealth
  1033 | D        | Killed a hell hog
  1033 | D        | Reached skill level 5 in Armour
  1033 | D        | Reached skill level 5 in Evocations
  1044 | D        | Noticed a deep elf master archer
  1157 | D        | Noticed a polar bear
  1157 | D        | Noticed a polar bear
  1164 | D        | Killed a polar bear
  1226 | D        | Killed a polar bear
  1226 | D        | Reached *** piety under Dithmenos
  1250 | D        | Noticed a death drake
  1251 | D        | Noticed a death drake
  1251 | D        | Noticed a crystal guardian
  1261 | D        | Reached skill level 15 in Stealth
  1261 | D        | Reached XP level 10. HP: 25/51 MP: 20/26
  1262 | D        | HP: 2/51 [death drake] (7)]
  1262 | D        | Succumbed to a death drake's dark miasma

Vault maps used:
D:        the_violet_keep_of_menkaure

Skill      XL: |  1  2  3  4  5  6  7  8  9 |
---------------+----------------------------+-----
Spellcasting   | 3 4 5 6 7 8 9 10 11 | 11.9
Short Blades   | 2 3 5 7 8 9 10 | 10.9
Stealth        | 5 6 7 8 9 11 12 13 15 | 15.0
Fighting       | 1 2 3 4 5 |  5.7
Armour         | 1 2 3 4 5 |  5.2
Dodging        | 4 5 7 8 10 12 13 | 13.8
Hexes          | 4 5 6 7 8 9 |  9.3
Evocations     | 3 5 |  5.8

Action                   |  1- 3 |  4- 6 |  7- 9 | 10-12 || total
-------------------------+-------+-------+-------+-------++-------
Melee: Dagger            |     6 |    45 |    43 |       ||    94
 Cast: Ensorcelled Hiber |     5 |     6 |    10 |       ||    21
       Confuse           |       |    10 |     9 |       ||    19
       Dazzling Spray    |       |     2 |     6 |       ||     8
  Use: Potion            |     1 |     4 |     1 |       ||     6
 Stab: Sleeping          |     6 |     2 |     8 |       ||    16
       Confused          |       |     1 |     8 |       ||     9
       Distracted        |       |       |     1 |       ||     1
       Invisible         |       |       |     1 |       ||     1
Armor: Robe              |     1 |     2 |     1 |       ||     4
Dodge: Dodged            |     3 |    29 |    36 |       ||    68
Block: Other             |       |       |     3 |       ||     3
